Map: Dusty Gorge

Players

Zack

  • Race: Zerg Zerg
  • Spawn Location: 9:00

RoyalGuard

  • Race: Terran Terran
  • League: Master
  • Spawn Location: 11:00

Adversity - Winner!

  • Race: Terran Terran
  • Spawn Location: 5:00

OptimusPrime - Winner!

  • Race: Zerg Zerg
  • Spawn Location: 3:00

VOD

Have the link to the VOD?

Description

Time

  • Played on: July 13, 2018, 12:55 p.m.
  • Length: 7:15
Show
View Real Time Build Order
Export as new Build Order

Zack Zerg 

Build Orders: Hatch First 

Get SALT Encoding   

  12  0:03  Drone  
  13  0:08  Drone  
  14  0:18  Overlord  
  14  0:25  Drone, Extractor  
  15  0:36  Drone x2  
  17  0:46  Drone  
  18  1:00  Hatchery  
  18  1:02  Extractor  
  18  1:03  Drone  
  17  1:17  Spawning Pool  
  16  1:20  Drone  
  16  1:24  Drone  
  18  1:29  Drone  
  19  1:39  Overlord  
  19  2:01  Drone  
  20  2:03  Drone  
  20  2:06  Spine Crawler, Queen  
  20  2:07  Metabolic Boost  
  22  2:13  Drone  
  23  2:21  Queen  
  25  2:28  Zergling x4  
  27  2:34  Zergling x2  
  27  2:35  Zergling x2  
  29  2:39  Spine Crawler  
  28  2:56  Zergling x2  
  28  2:57  Zergling x2  
  30  2:59  Drone  
  30  3:00  Roach Warren  
  30  3:01  Drone x2  
  32  3:09  Drone  
  32  3:10  Drone  
  34  3:25  Zergling x4  
  35  3:30  Zergling x2  
  34  3:39  Zergling x2  
  34  3:40  Zergling x2  
  33  3:51  Zergling x6  
  33  3:53  Overlord x2  
  33  3:54  Overlord  
  33  4:06  Zergling x2  
  33  4:07  Zergling x2  
  31  4:19  Zergling x2  
  31  4:20  Roach  
  31  4:21  Roach  
  31  4:22  Roach  
  37  4:24  Zergling x8  
  37  4:30  Queen  
  43  4:31  Queen  
  45  4:45  Roach  
  39  4:51  Zergling x6  
  28  5:01  Zergling x6  
  28  5:02  Zergling x2  
  28  5:05  Zergling x2  
  28  5:06  Zergling x4  
  32  5:31  Roach x2  
  32  5:32  Roach  
  37  5:37  Roach  
  31  5:56  Roach  
  31  5:57  Roach x4  
  38  6:04  Roach x2  
  41  6:12  Roach x2  
  47  6:18  Roach  
  32  6:40  Roach x2  
Show
View Real Time Build Order
Export as new Build Order

RoyalGuard Terran 

Build Orders: Gas First Reaper Expand 

Get SALT Encoding   

  12  0:03  SCV  
  13  0:15  SCV  
  13  0:20  Supply Depot  
  14  0:27  SCV  
  15  0:30  Refinery  
  15  0:42  SCV  
  16  0:47  Barracks  
  16  0:54  SCV  
  17  1:06  SCV  
  18  1:18  SCV  
  19  1:33  Orbital Command  
  19  1:34  Reaper  
  20  1:48  Command Center  
  20  1:59  SCV  
  21  2:02  Barracks  
  21  2:12  Barracks Reactor, SCV  
  22  2:20  Supply Depot  
  22  2:21  Refinery  
  22  2:24  SCV  
  23  2:41  SCV  
  24  2:49  Marine x2  
  26  2:51  Barracks Tech Lab  
  26  2:53  SCV  
  26  2:56  Barracks  
  27  3:05  SCV, Orbital Command  
  27  3:07  Marine x2  
  30  3:14  Marine  
  30  3:30  Marine x2  
  30  3:32  Marine  
  31  3:35  SCV  
  32  3:42  Barracks  
  32  3:46  Marine  
  32  3:48  Factory, Marine  
  25  4:08  Marine x4  
  26  4:17  SCV  
  26  4:18  SCV  
  26  4:26  Marine x4  
  24  4:38  SCV  
  25  4:43  Marine  
  25  4:44  Marine x2  
  19  5:01  Marine  
  19  5:02  Marine x2  
  19  5:06  SCV  
  20  5:21  Marine  
  20  5:22  Marine x2  
  17  5:29  Barracks Tech Lab  
  17  5:38  SCV x2  
  19  5:49  Marine x3  
  15  5:50  Marine  
Show
View Real Time Build Order
Export as new Build Order

Adversity Terran - Winner!

Build Orders:  

Get SALT Encoding   

  12  0:01  SCV  
  13  0:13  SCV  
  14  0:20  Supply Depot  
  14  0:25  SCV  
  15  0:30  Refinery  
  15  0:41  SCV  
  16  0:45  Barracks  
  16  0:53  SCV  
  17  1:06  SCV  
  17  1:10  Barracks  
  18  1:18  SCV  
  19  1:31  Barracks  
  19  1:38  Reaper  
  20  1:42  Orbital Command  
  20  1:52  Supply Depot  
  20  1:58  Reaper  
  20  2:01  Refinery  
  21  2:09  SCV  
  21  2:10  Reaper  
  23  2:18  Supply Depot  
  23  2:21  Reaper  
  24  2:25  SCV  
  25  2:30  Reaper  
  26  2:42  Reaper  
  28  2:44  SCV  
  28  2:53  Reaper  
  29  2:59  SCV  
  29  3:05  Command Center  
  30  3:08  Reaper  
  31  3:13  SCV  
  31  3:14  Reaper  
  33  3:21  Supply Depot  
  33  3:25  Reaper  
  34  3:31  SCV  
  35  3:41  Reaper  
  36  3:46  Reaper  
  37  3:50  Barracks  
  37  3:51  Barracks  
  37  3:57  SCV  
  37  4:00  Reaper  
  38  4:18  Reaper  
  38  4:19  SCV, Orbital Command  
  40  4:33  Reaper x2  
  42  5:01  Barracks Tech Lab  
  42  5:02  SCV x2  
  42  5:05  Command Center  
  42  5:06  Barracks Reactor x2  
  41  5:08  Marine x2  
  41  5:09  Factory  
  43  5:14  SCV  
  42  5:35  Marine x3  
  44  5:37  SCV x2  
  44  5:40  Supply Depot, Engineering Bay x2  
  46  5:44  Marine x3  
  46  5:49  Marine, SCV x2  
  50  5:56  Marine  
  50  5:57  Marine x2  
  52  5:58  Starport  
  52  6:00  Factory Reactor  
  52  6:01  SCV  
  52  6:02  SCV  
  55  6:11  Marine x2  
  55  6:12  Marine x2  
  55  6:13  SCV  
  55  6:14  SCV  
  61  6:27  Marine x3  
  62  6:43  Marine x2  
  62  6:44  Marine x2  
  62  6:45  Supply Depot x2  
  62  6:46  Supply Depot, Orbital Command  
  62  6:48  SCV x2  
  62  6:50  Barracks Tech Lab x2  
  64  6:55  Refinery  
  64  6:56  Refinery  
  68  7:03  SCV  
Show
View Real Time Build Order
Export as new Build Order

OptimusPrime Zerg - Winner!

Build Orders: Pool First 

Get SALT Encoding   

  12  0:10  Drone  
  13  0:16  Overlord  
  13  0:22  Drone  
  14  0:35  Drone x2  
  16  0:44  Spawning Pool  
  16  0:49  Drone  
  16  0:56  Drone  
  17  1:00  Extractor  
  16  1:07  Drone  
  17  1:34  Hatchery  
  17  1:36  Zergling x4  
  18  1:43  Zergling x2  
  18  1:44  Queen  
  21  2:00  Drone  
  22  2:02  Metabolic Boost  
  22  2:06  Overlord  
  22  2:25  Zergling x4  
  24  2:30  Zergling x2  
  25  2:49  Drone  
  26  2:51  Baneling Nest  
  26  2:54  Zergling x4  
  26  2:55  Zergling x4  
  26  2:56  Queen  
  31  3:01  Drone  
  32  3:21  Drone x2  
  32  3:22  Zergling x4  
  30  3:51  Zergling x6  
  33  3:57  Zergling x6  
  32  4:18  Zergling x4  
  32  4:19  Zergling x2  
  32  4:21  Zergling x2  
  35  4:31  Baneling x3  
  32  4:58  Zergling x6  
  32  4:59  Zergling x4  
  34  5:00  Zergling x6  
  34  5:05  Overlord  
  36  5:08  Extractor  
  36  5:09  Zergling x2  
  36  5:11  Overlord  
  36  5:13  Lair  
  36  5:21  Baneling x3  
  36  5:22  Baneling x3  
  36  5:25  Drone x2  
  36  5:26  Drone  
  32  6:02  Zergling x6  
  32  6:03  Zergling x4  
  32  6:04  Zergling x8  
  39  6:05  Zergling x6  
  39  6:10  Baneling x5  
  39  6:11  Baneling x2  
  44  6:18  Drone  
  45  6:20  Drone x2  
  47  6:38  Zergling x6  
  47  6:39  Zergling x2  
  45  6:46  Hydralisk Den  
Tags
 
Add a new tag
Caveats
  • Supply blocks, unpowered buildings, or Contaminate may cause inaccurate times.
  • Supply counts are checked every 10 seconds.